 Dungeon Crawl Stone Soup version 0.31-a0-460-g9e667d4245 (webtiles) character file.

Game seed: 14003561121340628715

1 kae the Ruffian (level 1, 0/16 HPs)
             Began as a Draconian Shapeshifter on Aug 4, 2023.
             Slain by a kobold
             ... wielding a +0 short sword
              (4 damage)
             ... on level 1 of the Dungeon.
             The game lasted 00:00:22 (87 turns).

kae the Ruffian (Draconian Shapeshifter)              Turns: 87, Time: 00:00:23

Health: 0/16       AC:  4    Str: 17    XL:     1   Next: 16%
Magic:  1/1        EV: 12    Int:  8    God:
Gold:   0          SH:  0    Dex: 11    Spells: 0/0 levels left

rFire   . .          .
                       - Unarmed
rCold   . . .        (no shield)
rNeg    . . .        (body armour unavailable)
rPois   .            (helmet currently unavailable)
rElec   .            (cloak currently unavailable)
rCorr   .            (gloves currently unavailable)
SInv    .            (boots currently unavailable)
Will    .....        (no amulet)
Stlth   +            (no ring)
HPRegen 0.22/turn    (no ring)
MPRegen 0.07/turn

%: no passive effects
@: beast-form
A: beast (slay +2), AC +4, unfitting armour, cold-blooded
a: Begin Untransformation


You were on level 1 of the Dungeon.
You were a hulking beast.
You visited 1 branch of the dungeon, and saw 1 of its levels.


Innate Abilities, Weirdness & Mutations

You are a hulking beast.
Your limbs bulge with bestial killing power. (Slay +2)
Your plain brown scales are hard. (AC +4)
You cannot fit into any form of body armour.
You are cold-blooded and may be slowed by cold attacks.


   Skills:
 - Level 1.1 Fighting
 - Level 1.7 Dodging
 + Level 3.0 Unarmed Combat
 * Level 3.0 Shapeshifting


You couldn't memorise any spells.
You didn't know any spells.
Your spell library was empty.

Inventory:

Talismans
 b - a beast talisman (active)
Potions
 a - a potion of lignification {!q}
 c - a potion of enlightenment {unknown}

Dungeon Overview and Level Annotations

Branches:
Dungeon (1/15) Zot: 5912

Altars:

.'.>.'...#
##...###..... ...##
##### ### ....# # #Z#
#...## #####
####.....## ...#
####.#.......# ##.###
####.#........... #...#
#.........K......
###.###.##.#...hb......
#.##..#####.#.K.....#
#....## ####$....##
###.## #...## #.# ....#
#.# ...## #.# .## #.#
.. #.#


You could see a bat and 2 kobolds.


Message History

Lua error: /dgldir/rcfiles/crawl-git/kae.rc:525: unexpected symbol near '#' 🤖 Initializing magus.rc ...
Bad monster_list_colour key: strict_neutral Bad channel name 'pray' for runrest: 'pray:' Options error: Missing colour in message_colour setting: 'that.*feels deathly cold' Options error: Missing colour in message_colour setting: 'and you must be Full or above to equip it' Options error: Missing colour in message_colour setting: 'but rights himself reflexively soon after' Options error: Missing colour in message_colour setting: 'before it is too late' ✅ Successfully initialized magus.rc [v1.11.3] Welcome, kae the Draconian Shapeshifter.
Everyone else who sought the Orb of Zot has failed.
Will you be different?
Press ? for a list of commands and other information.
Found a robe and a ruby potion.
Found a staircase leading out of the dungeon.
Unknown command.
c - a ruby potion Unknown command.
Found an escape hatch in the floor.
You open the door.
There is an open door here.
There is an escape hatch in the floor here.
You open the door.
There is an open door here.
You see here a +0 leather armour.
A quokka and 2 kobolds come into view.
The kobold shouts! x2
The kobold throws a stone.
The stone hits you but does no damage.
A bat comes into view.
There are monsters nearby!
There are monsters nearby!
You hit the quokka but do no damage. The quokka misses you.
You hit the quokka.
Your tail-slap misses the quokka.
The bat hits you. The quokka closely misses you. 😕 HP[-1]
You take 1 damage, and now have 15/16 hp.
There are monsters nearby!
You hit the quokka. The kobold hits you with a +0 dagger.
The bat hits you but does no damage.
The quokka bites you but does no damage.
You hit the quokka.
You kill the quokka!
The bat hits you but does no damage. The kobold barely misses you.
The kobold completely misses you. The bat closely misses you. 😮 HP[-3]
You take 3 damage, and now have 12/16 hp.
There are monsters nearby!
You hit the kobold but do no damage. The bat barely misses you.
The kobold hits you but does no damage. The kobold closely misses you.
You barely miss the kobold. The bat barely misses you.
The kobold hits you with a +0 short sword.
The kobold hits you with a +0 dagger. 😮 HP[-3]
You take 3 damage, and now have 9/16 hp.
There are monsters nearby!
You are too injured to fight recklessly!
You are too injured to fight recklessly!
You are too injured to fight recklessly!
You are too injured to fight recklessly!
There are monsters nearby!
You are too injured to fight recklessly!
You are too injured to fight recklessly!
There are monsters nearby!
You are too injured to fight recklessly!
You are too injured to fight recklessly!
Unknown command.
You hit the kobold but do no damage. The bat closely misses you.
The kobold barely misses you. The kobold hits you with a +0 dagger.
* * * LOW HITPOINT WARNING * * *
😨 HP[-3]
You take 3 damage, and now have 6/16 hp.
Unknown command.
You barely miss the kobold. The bat barely misses you.
The kobold barely misses you. The kobold hits you but does no damage.
Unknown command.
You barely miss the kobold. The kobold hits you with a +0 dagger.
* * * LOW HITPOINT WARNING * * *
The bat hits you but does no damage. The kobold closely misses you. 😱 HP[-2]
You take 2 damage, and now have 4/16 hp.
Unknown command.
You closely miss the kobold. The bat hits you.
* * * LOW HITPOINT WARNING * * *
The kobold hits you but does no damage. The kobold misses you.
Unknown command.
You hit the kobold.
The kobold hits you with a +0 short sword.
You die...

Action                     || total
---------------------------++-------
  Melee: Unarmed           ||    11
 Armour: Skin              ||     8
  Dodge: Dodged            ||    14

Levels and vault maps discovered:
D:1:      shiori_arrival_whats_in_store_for_you, layout_basic,
          nicolae_figureground_sparkle

Notes
Turn   | Place    | Note
-------+----------+-------------------------------------------
     0 | D:1      | kae the Draconian Shapeshifter began the quest for the Orb.
     0 | D:1      | Reached XP level 1. HP: 16/16 MP: 1/1
     0 | D:1      | magus.rc [v1.11.3]
    85 | D:1      | HP: 4/16 [kobold/+0 dagger (2)]
    87 | D:1      | Slain by a kobold

Vanquished Creatures
  A quokka (D:1)
1 creature vanquished.

Table legend:
 A = Non-vault XP
 B = Vault XP
 C = Vault XP percentage of total XP
 D = Non-vault monster count
 E = Vault monster count
 F = Vault count percentage of total count
                 A         B        C        D         E       F
            +---------+---------+-------+---------+---------+-------
      Total |       2 |       0 |   0.0 |       1 |       0 |   0.0
            +---------+---------+-------+---------+---------+-------
        D:1 |       2 |       0 |   0.0 |       1 |       0 |   0.0
            +---------+---------+-------+---------+---------+-------

Action                     || total
---------------------------++-------
  Melee: Unarmed           ||    11
 Armour: Skin              ||     8
  Dodge: Dodged            ||    14

Illustrated notes

Table legend:
 A = Kills in this place as a percentage of kills in the entire game.
 B = Kills by you in this place as a percentage of kills by you in the entire game.
 C = Kills by friends in this place as a percentage of kills by friends in the entire game.
 D = Other kills in this place as a percentage of other kills in the entire game.
 E = Experience gained in this place as a percentage of experience gained in the entire game.
 F = Experience gained in this place divided by the number of levels of this place that you have seen.
                   A       B       C       D       E      F
               +-------+-------+-------+-------+-------+----------------------
         Total | 100.0 | 100.0 |   N/A |   N/A | 100.0 |   2.0
       Dungeon | 100.0 | 100.0 |   N/A |   N/A | 100.0 |   2.0
               +-------+-------+-------+-------+-------+----------------------

Table legend: (Time is in decaauts)
 A = Elapsed time spent in this place.
 B = Non-inter-level travel time spent in this place.
 C = Inter-level travel time spent in this place.
 D = Time resting spent in this place.
 E = Time spent auto-exploring this place.
 F = Levels seen in this place.
 G = Mean time per level.
                   A        B        C        D        E       F      G
               +--------+--------+--------+--------+--------+-----+--------+
         Total |     86 |     86 |      0 |      0 |     72 |   1 |   86.0 |
       Dungeon |     86 |     86 |      0 |      0 |     72 |   1 |   86.0 |
               +--------+--------+--------+--------+--------+-----+--------+

Top non-repeatable levels by time:
     D:1: 86 daAuts
